Map: Tokamak LE

Players

Promax

  • Race: Zerg Zerg
  • League: Diamond
  • Spawn Location: 7:00

KimChiLoVer - Winner!

  • Race: Terran Terran
  • League: Diamond
  • Spawn Location: 1:00

VOD

Have the link to the VOD?

Description

Time

  • Played on: Sept. 10, 2025, 9:50 p.m.
  • Length: 10:22
Show
View Real Time Build Order
Export as new Build Order

Promax Zerg 

Build Orders: Pool First 

Get SALT Encoding   

  12  0:12  Drone x2  
  14  0:47  Spawning Pool  
  13  0:50  Hatchery  
  13  0:55  Drone  
  13  0:56  Drone  
  14  1:03  Overlord  
  14  1:08  Extractor  
  14  1:11  Drone  
  14  1:24  Drone  
  15  1:35  Drone  
  15  1:36  Queen  
  18  1:40  Drone  
  19  1:51  Drone  
  20  2:03  Drone x2  
  20  2:04  Queen  
  24  2:15  Extractor, Metabolic Boost  
  23  2:17  Drone  
  23  2:20  Drone  
  25  2:25  Drone  
  26  2:31  Overlord  
  26  2:43  Drone x2  
  28  2:50  Zergling x2  
  30  2:51  Zergling x6  
  32  2:59  Drone x2  
  34  3:06  Zergling x2  
  34  3:08  Drone  
  36  3:15  Overlord  
  34  3:30  Drone x2  
  36  3:37  Drone x3  
  36  3:38  Drone  
  40  3:49  Drone  
  40  3:50  Drone x3  
  44  4:01  Overlord, Hatchery  
  43  4:04  Roach Warren  
  43  4:08  Baneling Nest  
  38  4:18  Drone x4  
  38  4:23  Drone  
  43  4:27  Extractor  
  43  4:29  Extractor  
  41  4:33  Drone x2  
  43  4:40  Pneumatized Carapace, Lair  
  43  4:44  Drone x2  
  45  4:54  Drone x2  
  47  5:00  Evolution Chamber  
  47  5:03  Evolution Chamber  
  47  5:05  Roach x3  
  47  5:06  Overlord  
  51  5:15  Roach  
  51  5:16  Spore Crawler, Roach x2  
  56  5:22  Queen  
  56  5:24  Queen  
  56  5:25  Roach  
  56  5:26  Roach  
  64  5:29  Roach  
  66  5:41  Overlord  
  66  5:44  Overseer  
  66  5:49  Glial Reconstitution  
  66  5:53  Overlord  
  66  6:01  Roach x4  
  74  6:07  Overlord x2  
  73  6:21  Roach x2  
  73  6:22  Drone x4  
  81  6:27  Overlord  
  81  6:33  Centrifugal Hooks  
  81  6:36  Hydralisk Den  
  81  6:39  Drone x3  
  83  6:40  Drone  
  83  6:41  Drone  
  83  6:42  Drone x3, Infestation Pit  
  83  6:43  Spire  
  85  6:52  Zergling x4  
  85  6:53  Zergling x8  
  91  6:58  Ravager  
  91  6:59  Ravager  
  91  7:01  Drone x4  
  97  7:13  Drone  
  97  7:15  Overlord x5  
  85  7:33  Drone x4  
  89  7:39  Hive  
  89  7:40  Drone x3  
  92  7:47  Hatchery  
  91  7:52  Drone  
  91  7:53  Drone  
  91  7:55  Drone  
  91  7:56  Queen  
  91  7:57  Queen  
  98  8:01  Extractor x2  
  96  8:10  Roach, Hydralisk x2  
  97  8:32  Drone x7  
  97  8:33  Drone x6  
  108  8:41  Drone x3  
  110  8:42  Drone  
  112  8:49  Hatchery  
  111  8:56  Evolution Chamber  
  110  9:03  Lurker Den  
  110  9:04  Drone  
  110  9:06  Drone  
  110  9:07  Drone x6  
  117  9:20  Hydralisk x2  
  117  9:21  Hydralisk  
  123  9:27  Overseer x3  
  123  9:28  Hydralisk  
  116  9:32  Hydralisk  
  116  9:33  Zergling x6  
  116  9:34  Zergling x6  
  124  9:51  Hydralisk x2  
  128  9:57  Hydralisk x2  
  81  10:11  Lurker x3  
Show
View Real Time Build Order
Export as new Build Order

KimChiLoVer Terran - Winner!

Build Orders: Reaper Expand 

Get SALT Encoding   

  12  0:00  SCV  
  13  0:14  SCV  
  14  0:21  Supply Depot  
  14  0:26  SCV  
  15  0:42  Refinery  
  15  0:43  SCV  
  15  0:44  Barracks  
  16  0:55  SCV  
  17  1:07  SCV  
  18  1:19  SCV  
  19  1:32  Orbital Command  
  19  1:34  Reaper  
  20  1:41  Command Center  
  20  1:54  Supply Depot  
  20  1:59  SCV  
  21  2:07  Marine  
  22  2:16  SCV  
  22  2:19  Factory  
  23  2:25  Barracks Reactor  
  23  2:28  SCV  
  24  2:46  SCV  
  24  2:49  Command Center  
  25  2:54  Orbital Command  
  25  3:10  Barracks  
  25  3:38  Barracks Tech Lab  
  25  3:39  Hellion x2  
  28  3:59  Marine  
  28  4:00  Marine  
  28  4:01  Hellion x2, Orbital Command  
  34  4:04  Stimpack  
  34  4:13  Orbital Command  
  34  4:16  SCV  
  35  4:19  Refinery  
  35  4:20  Starport  
  36  4:28  SCV  
  36  4:32  SCV  
  36  4:36  Factory Reactor  
  36  4:37  Supply Depot  
  36  4:38  Marine x2  
  38  4:40  Supply Depot  
  38  4:42  SCV  
  38  4:43  SCV  
  38  4:44  SCV  
  38  4:45  Marine  
  43  4:55  SCV  
  43  4:56  SCV  
  45  5:01  Supply Depot  
  46  5:07  SCV  
  46  5:08  SCV  
  46  5:09  Marine x2  
  49  5:19  SCV, Medivac x2  
  49  5:20  SCV  
  49  5:21  Supply Depot  
  55  5:22  Factory Tech Lab  
  55  5:23  Supply Depot, Marine  
  55  5:27  Marine  
  57  5:30  SCV  
  57  5:32  SCV  
  57  5:33  Refinery  
  57  5:34  Refinery  
  59  5:36  Barracks  
  59  5:40  Marine  
  59  5:41  Marine  
  59  5:42  SCV  
  62  5:44  SCV  
  62  5:45  Marine  
  62  5:47  SCV  
  65  5:51  Engineering Bay  
  65  5:53  Engineering Bay  
  65  5:54  SCV  
  65  5:56  SCV  
  67  5:58  Marine  
  67  5:59  SCV  
  69  6:06  SCV  
  69  6:08  Combat Shield  
  69  6:09  SCV  
  69  6:11  SCV  
  74  6:17  Orbital Command  
  74  6:18  Barracks  
  73  6:19  Starport Reactor, Barracks x2  
  73  6:21  SCV  
  73  6:23  SCV  
  75  6:28  Marine x2  
  75  6:31  Siege Tank  
  79  6:33  SCV  
  79  6:34  Marine x2  
  79  6:35  SCV  
  83  6:45  SCV  
  83  6:46  Marine x2  
  86  6:47  SCV  
  86  6:52  Marine x2  
  87  7:03  Siege Tank  
  90  7:10  Marine x2  
  90  7:11  Marine x5  
  89  7:36  Siege Tank  
  92  7:37  Barracks Reactor x2  
  92  7:38  Barracks Reactor  
  92  7:40  Supply Depot  
  92  7:41  Supply Depot  
  92  7:43  Terran Infantry Weapons Level 1, Terran Infantry Armor Level 1  
  92  7:52  SCV x3  
  92  7:54  Marine x2  
  92  7:55  Medivac x2  
  101  8:05  Marine x3  
  104  8:08  Siege Tank  
  104  8:12  Marine x2  
  108  8:16  Marine x4  
  112  8:22  Marine x2  
  112  8:23  Marine  
  112  8:25  Medivac x2  
  114  8:30  Marine x2  
  114  8:32  SCV  
  114  8:33  Marine x2  
  114  8:34  Marine  
  116  8:35  Refinery x2  
  116  8:38  Supply Depot  
  116  8:39  Supply Depot  
  117  8:42  Marine x4  
  117  8:44  SCV  
  117  8:45  Supply Depot  
  117  8:46  Supply Depot  
  117  8:47  Supply Depot, Marine  
  117  8:48  Marine  
  124  8:51  Marine x3  
  127  8:59  Liberator x2  
  127  9:00  Marine x4  
  137  9:05  Marine x2  
  137  9:09  Barracks, Marine x3  
  142  9:11  Barracks  
  142  9:13  Barracks  
  142  9:18  Marine x4  
  142  9:23  Marine x2  
  148  9:27  Marine x3  
  150  9:36  Marauder, Marine x3  
  155  9:41  Marine x2  
  155  9:45  Marine x2  
  159  9:58  Marauder  
Tags
 
Add a new tag
Caveats
  • Supply blocks, unpowered buildings, or Contaminate may cause inaccurate times.
  • Supply counts are checked every 10 seconds.